 Dungeon Crawl Stone Soup version 0.29-a0-1006-g0dd7720b37 (webtiles) character file.

Game seed: 461613813580163604

4734 experimilk the Basher (level 10, -4/72 (74) HPs)
             Began as a Palentonga Abyssal Knight on Aug 6, 2022.
             Was an Elder of Lugonu.
             Slain by a hornet (5 damage)
             ... on level 8 of the Dungeon.
             The game lasted 00:47:59 (12301 turns).

experimilk the Basher (Palentonga Abyssal Knight)  Turns: 12301, Time: 00:48:00

HP:   -4/72 (74)    AC: 20    Str: 24    XL:     10   Next: 22%
MP:   16/16         EV:  3    Int: 10    God:    Lugonu [****..]
Gold: 629           SH:  3    Dex: 10    Spells: 8/9 levels left

rFire   . . .      SeeInvis +   w - +0 flail
rCold   . . .      Faith    .   e - +0 buckler
rNeg    . . .      Spirit   .   z - +0 chain mail
rPois   .          Reflect  .   (no helmet)
rElec   .          Harm     .   (no cloak)
rCorr   .          Rampage  .   (no gloves)
Will    +....                   l - +2 barding
Stlth   ..........              (no amulet)
HPRegen 0.22/turn               c - ring of willpower
MPRegen 0.15/turn               y - ring of wizardry

@: slowed, lightly drained, curled up, very slow
A: large, rugged brown scales 3, see invisible, deformed body, roll 1, armoured
tail, reflexive curl
a: Rolling Charge, Renounce Religion, Depart the Abyss, Bend Space, Banish,
Corrupt


You were on level 8 of the Dungeon.
You worshipped Lugonu.
Lugonu was greatly pleased with you.
You visited 2 branches of the dungeon, and saw 9 of its levels.
You visited the Abyss 1 time.

You collected 629 gold pieces.

Inventory:

Hand Weapons
 w - a +0 flail (weapon)
Missiles
 i - 4 datura-tipped darts
 m - 18 poisoned darts
Armour
 e - a +0 buckler (worn)
 l - a +2 barding (worn)
 z - a +0 chain mail (worn)
Jewellery
 c - a ring of willpower (left hand)
 y - a ring of wizardry (right hand)
Wands
 b - a wand of roots (9)
 x - a wand of flame (36)
Scrolls
 a - a scroll of poison {unknown}
 g - 2 scrolls of teleportation
 k - 2 scrolls of magic mapping {unknown}
 n - 2 scrolls of torment {unknown}
 o - a scroll of vulnerability
 r - a scroll of fog {unknown}
 s - a scroll of enchant weapon {unknown}
 u - a scroll of enchant armour {unknown}
 A - a scroll of immolation {unknown}
 C - a scroll of blinking {unknown}
Potions
 d - 4 potions of flight
 f - 2 potions of attraction
 h - a potion of magic
 p - a potion of cancellation
 q - 2 potions of ambrosia
 v - a potion of haste {unknown}
 B - a potion of heal wounds


   Skills:
 - Level 3.0 Fighting
 * Level 13.3 Maces & Flails
 - Level 1.5 Armour
 - Level 0.7 Dodging
 + Level 8.0 Invocations


You had 8 spell levels left.
You knew the following spells:

 Your Spells              Type           Power      Damage    Failure   Level
a - Slow                  Hex            0%         N/A       80%         1

Your spell library contained the following spells:

 Spells                   Type           Power      Damage    Failure   Level
 Beastly Appendage        Tmut           0%         N/A       80%         1
 Ensorcelled Hibernation  Hex/Ice        0%         N/A       90%         2
 Passwall                 Tmut/Erth      0%         N/A       90%         2
 Static Discharge         Conj/Air       0%         3-3/arc   90%         2
 Wereblood                Tmut           0%         N/A       90%         2
 Confusing Touch          Hex            0%         N/A       98%         3
 Conjure Flame            Conj/Fire      0%         6-21      98%         3
 Ignite Poison            Fire/Tmut/Pois 0%         N/A       98%         3
 Spider Form              Tmut/Pois      0%         N/A       98%         3
 Swiftness                Air            0%         N/A       98%         3
 Vampiric Draining        Necr           0%         2d6       98%         3
 Sticky Flame             Conj/Fire      0%         2d3       100%        4
 Lightning Bolt           Conj/Air       0%         1d11      100%        5
 Maxwell's Capacitive Co  Air            0%         ∞         100%        8


Dungeon Overview and Level Annotations

Branches:
Dungeon (8/15)             Temple (1/1) D:5
   Lair: D:8-11

Altars:
Ashenzari
Cheibriados
Dithmenos
Elyvilon
Fedhas
Gozag
Hepliaklqana
Kikubaaqudgha
Makhleb
Nemelex Xobeh
Okawaru
Qazlal
Ru
Sif Muna
Trog
Uskayaw
Vehumet
Wu Jian
Xom
Yredelemnul
Zin
The Shining One

Annotations:
D:7 3 runed translucent doors, xian's ghost, novice DrFi
D:8 2 transporters, exclusion: ice statue, ytrimaz's ghost, novice FoFi


Innate Abilities, Weirdness & Mutations

You are completely covered in rugged brown scales. (AC +3, +7% HP)
You have supernaturally acute eyesight. (SInv)
Armour fits poorly on your strangely shaped body.
You can roll at nearby foes to attack.
You have a long armoured tail.
You curl defensively after being hit. (AC +7*)


Message History

You feel sick. The hornet completely misses you. The hornet stings you!
You are more poisoned.
You feel as though you will be slow longer.
You sock the hornet!
Your tail-slap misses the hornet.
The hornet is almost dead.
You feel very sick. The hornet stings you!
You feel as though you will be slow longer.
You block the hornet's attack.
You hit the hornet but do no damage.
The hornet is almost dead.
You feel very sick. The hornet barely misses you.
You hit the hornet but do no damage.
The hornet is almost dead.
You feel very sick.
The hornet stings you but does no damage. x2
You miss the hornet.
The hornet is almost dead.
You feel sick. The hornet stings you.
* * * LOW HITPOINT WARNING * * *
You feel as though you will be slow longer.
You closely miss the hornet.
Your tail-slap misses the hornet.
The hornet is almost dead.
You feel sick. The hornet stings you.
* * * LOW HITPOINT WARNING * * *
You feel as though you will be slow longer.
The hornet barely misses you.
You feel better. The hornet stings you!
* * * LOW HITPOINT WARNING * * *
You suddenly lose the ability to move!
The hornet stings you but does no damage.
You can move again.
You barely miss the hornet.
The hornet is almost dead.
The hornet stings you!
* * * LOW HITPOINT WARNING * * *
You feel as though you will be slow longer.
The hornet stings you.
You die...

$#.(...#.# #....#
.#...#.#.########....##
.#...)................##
##..###..########...#..#
#...# #..# ######.##
..#.# ##.#
#######..#######. .##.#
#.# #................
.##.# #.#
#.####.....####.
.##.####.###
#@#[.##...##..#
###.)......#
#y#...##.##...# #
######>#.#
#.##...#.#...## # #
#.#.# #.. #.)#.#).## ..#
#.#.# #...###y..###....#
#.#.# ).......8........#
##### .(..###...###...##
#### ...## +#.#+ .# ..[#
#.#


You could see a hornet.

Vanquished Creatures
  A two-headed ogre (D:8)
  Grinder (D:5)
  A wyvern (D:8)
  3 water moccasins
  An orc warrior (D:8)
  3 ice beasts
  A black bear (D:6)
  2 sky beasts (D:6)
  2 centaurs (D:8)
  3 phantoms
  2 kobold brigands (D:8)
  A bullfrog (D:7)
  A gnoll sergeant (D:6)
  4 scorpions
  8 wights
  A howler monkey (D:6)
  2 jellies
  A bullfrog zombie (D:7)
  3 orc priests
  4 hounds
  4 iguanas
  6 orc wizards
  A howler monkey zombie (D:7)
  9 adders
  3 gnolls (D:6)
  A shadow imp (D:7)
  2 white imps
  2 worms (D:2)
  3 dart slugs
  25 orcs
  5 endoplasms
  6 giant cockroaches
  6 goblins
  6 hobgoblins
  4 jackals (D:3)
  4 quokkas
  10 ball pythons
  6 bats
  3 frilled lizards
  16 kobolds
  8 rats
175 creatures vanquished.

Vanquished Creatures (collateral kills)
  A gnoll (D:6)
1 creature vanquished.

Vanquished Creatures (others)
  A gnoll (D:6)
1 creature vanquished.

Grand Total: 177 creatures vanquished

Notes
Turn   | Place    | Note
-------+----------+-------------------------------------------
     0 | Abyss:1  | experimilk the Palentonga Abyssal Knight began the quest
                  | for the Orb.
     0 | Abyss:1  | Reached XP level 1. HP: 19/19 MP: 2/2
     1 | D:1      | Escaped the Abyss
   292 | D:1      | Reached XP level 2. HP: 25/25 MP: 3/3
   458 | D:1      | Reached skill level 3 in Maces & Flails
   476 | D:1      | Found a faded altar of an unknown god.
   791 | D:1      | Learned a level 1 spell: Slow
  1157 | D:1      | Reached XP level 3. HP: 31/31 MP: 4/4
  1299 | D:2      | Reached *** piety under Lugonu
  1644 | D:2      | Reached skill level 4 in Maces & Flails
  2654 | D:3      | Reached XP level 4. HP: 37/37 MP: 5/5
  3982 | D:3      | Reached skill level 5 in Maces & Flails
  3982 | D:3      | Reached XP level 5. HP: 43/43 MP: 5/7
  4667 | D:3      | Reached **** piety under Lugonu
  4881 | D:4      | Reached XP level 6. HP: 34/49 MP: 6/8
  4919 | D:4      | Reached skill level 6 in Maces & Flails
  5862 | D:4      | Gained mutation: You curl defensively after being hit. (AC
                  | +7*) [Palentonga growth]
  5862 | D:4      | Reached XP level 7. HP: 38/55 MP: 7/10
  6292 | D:5      | Entered Level 5 of the Dungeon
  6323 | D:5      | Reached skill level 7 in Maces & Flails
  6428 | D:5      | Found a staircase to the Ecumenical Temple.
  6446 | Temple   | Entered the Ecumenical Temple
  6704 | D:5      | Reached skill level 5 in Invocations
  6740 | D:5      | Noticed Grinder
  6755 | D:5      | Killed Grinder
  6756 | D:5      | Reached skill level 8 in Maces & Flails
  6756 | D:5      | Reached XP level 8. HP: 22/62 MP: 10/12
  7150 | D:5      | Found a burning altar of Makhleb.
  7150 | D:5      | Found a hide-covered altar of Uskayaw.
  7151 | D:5      | Found a stormy altar of Qazlal.
  7769 | D:6      | Reached skill level 9 in Maces & Flails
  8127 | D:6      | Reached skill level 10 in Maces & Flails
  8178 | D:6      | Identified the +6 sling "Ciago" {venom, rN+ Will+}
  8557 | D:6      | Reached XP level 9. HP: 67/67 MP: 13/13
  8884 | D:7      | Reached skill level 11 in Maces & Flails
  8997 | D:7      | Found a runed translucent gate.
  8997 | D:7      | Found a runed translucent gate.
  8997 | D:7      | Found a runed translucent gate.
  8997 | D:7      | Noticed xian's ghost (novice DrFi)
  8999 | D:7      | Found a basalt altar of Yredelemnul.
  9973 | D:8      | Reached ***** piety under Lugonu
 10470 | D:8      | Found a transporter.
 10500 | D:8      | Noticed ytrimaz's ghost (novice FoFi)
 10501 | D:8      | Noticed a two-headed ogre
 10502 | D:8      | Noticed a cyclops
 10511 | D:8      | Reached skill level 12 in Maces & Flails
 10516 | D:8      | Killed a two-headed ogre
 10600 | D:8      | Noticed a troll
 10828 | D:8      | Banished a troll
 11097 | D:8      | Reached XP level 10. HP: 57/74 MP: 15/15
 11230 | D:8      | Noticed a deep elf pyromancer
 11234 | D:8      | Banished a deep elf pyromancer
 11235 | D:8      | Reached skill level 13 in Maces & Flails
 11242 | D:8      | Paralysed by a hornet for 1 turns
 11867 | D:8      | Found a transporter.
 11869 | D:8      | Noticed an ice statue
 12300 | D:8      | Paralysed by a hornet for 1 turns
 12301 | D:8      | HP: 1/72 [hornet (11)]
 12301 | D:8      | Slain by a hornet

Illustrated notes

Levels and vault maps discovered:
D:1:      giann_wishing_wells, layout_basic, hellmonk_ecumenical_altar_zigzags,
          minmay_domino_4
D:2:      layout_basic, roderic_roman_lattice
D:3:      layout_rooms, minmay_close_crescents
D:4:      minmay_door_path, layout_cave_pods
D:5:      layout_basic, gammafunk_temple_overflow_claw,
          minmay_temple_entry_ruins, grunt_ministairs_12, solitary_fountain,
          uniq_grinder
D:6:      layout_basic
D:7:      layout_basic, nicolae_yredelemnul_ghost_church
D:8:      cheibrodos_barr_body, layout_basic, nzn_ghost_randoct,
          serial_corexii_hall, corexii_hall_statues_u, chequers_hall_statues_y,
          nrook_uturn
Temple:   hc_temple_tempest_star

Skill      XL: |  1  2  3  4  5  6  7  8  9 10 |
---------------+-------------------------------+-----
Maces & Flails | 3 4 5 6 8 10 12 13 | 13.3
Invocations    | 3 4 5 6 7 8 |  8.0
Fighting       | |  3.0
Armour         | |  1.5
Dodging        | |  0.7

Action                   |  1- 3 |  4- 6 |  7- 9 | 10-12 || total
-------------------------+-------+-------+-------+-------++-------
Melee: Mace              |   101 |    91 |       |       ||   192
       Tailslap          |     6 |    20 |    34 |     6 ||    66
       Flail             |       |    76 |   321 |    47 ||   444
Throw: Dart              |       |       |     4 |     2 ||     6
Invok: Bend Space        |     1 |     9 |     9 |       ||    19
       Banish            |       |       |     1 |     1 ||     2
 Abil: Rolling Charge    |    29 |    36 |    44 |     4 ||   113
Evoke: Wand              |       |    10 |    11 |       ||    21
  Use: Scroll            |     1 |     8 |     3 |     1 ||    13
       Potion            |       |     1 |     2 |     2 ||     5
Armor: Leather armour    |    32 |       |       |       ||    32
       Ring mail         |     1 |    95 |       |       ||    96
       Chain mail        |       |       |   185 |    19 ||   204
Dodge: Dodged            |    23 |    94 |    30 |     5 ||   152
Block: Buckler           |     7 |    14 |    34 |     3 ||    58

Table legend: (Time is in decaauts)
 A = Elapsed time spent in this place.
 B = Non-inter-level travel time spent in this place.
 C = Inter-level travel time spent in this place.
 D = Time resting spent in this place.
 E = Time spent auto-exploring this place.
 F = Levels seen in this place.
 G = Mean time per level.
                   A        B        C        D        E       F      G
               +--------+--------+--------+--------+--------+-----+--------+
         Total |  12347 |  12113 |    234 |   5081 |   4063 |  10 | 1234.7 |
       Dungeon |  12118 |  11902 |    216 |   5081 |   3873 |   8 | 1514.8 |
        Temple |    228 |    210 |     18 |      0 |    190 |   1 |  228.0 |
         Abyss |      1 |      1 |      0 |      0 |      0 |   1 |    1.0 |
               +--------+--------+--------+--------+--------+-----+--------+

Top non-repeatable levels by time:
     D:2: 2113 daAuts
     D:8: 1786 daAuts
     D:7: 1658 daAuts
     D:4: 1603 daAuts
     D:3: 1338 daAuts
     D:1: 1292 daAuts
     D:6: 1163 daAuts
     D:5: 1162 daAuts
  Temple: 228 daAuts
 Abyss:1: 1 daAuts
